 Dungeon Crawl Stone Soup version 0.21-a0-521-g1cd18d1 (webtiles) character file.

221 Gerstahl the Chopper (level 5, -1/70 HPs)
             Began as a Draconian Gladiator on Dec 5, 2017.
             Succumbed to anything's ghost's poison
             ... on level 3 of the Dungeon.
             The game lasted 00:04:30 (2523 turns).

Gerstahl the Chopper (Draconian Gladiator)          Turns: 2523, Time: 00:04:30

Health: -1/70      AC: 22    Str: 21 (23) XL:     5   Next: 65%
Magic:  5/5        EV:  2    Int:  6 (8)  God:
Gold:   141        SH:  0    Dex: 11 (12) Spells: 4/4 levels left

rFire    . . .     SeeInvis .   a - +0 war axe
rCold    . . .     Gourm    .   (no shield)
rNeg     + + +     Faith    .   (armour unavailable)
rPois    +         Spirit   .   (helmet currently unavailable)
rElec    .         Reflect  .   (cloak currently unavailable)
rCorr    .         Harm     .   (gloves currently unavailable)
MR       .....     NoTele   +   (boots currently unavailable)
Stlth    +.........             (no amulet)
HPRegen  0.21/turn              (no ring)
MPRegen  0.09/turn              (no ring)

@: mighty, lethally poisoned (-1 -> -27), tree-form
A: unfitting armour, AC +5
a: no special abilities


You were on level 3 of the Dungeon.
You were very hungry.
You were a tree.
You visited 1 branch of the dungeon, and saw 3 of its levels.

You collected 141 gold pieces.

Inventory:

Hand Weapons
 a - a +0 war axe (weapon)
Missiles
 c - 3 throwing nets (quivered)
Armour
 b - a +0 hat (melded)
Scrolls
 i - 2 scrolls of enchant weapon {unknown}
 j - a scroll of fear {unknown}
 l - a scroll of amnesia {unknown}
 m - 2 scrolls of enchant armour {unknown}
 q - a scroll of magic mapping {unknown}
 r - a scroll of remove curse {unknown}
 s - a scroll of identify {unknown}
 t - a scroll of teleportation {unknown}
Potions
 k - 2 potions of heal wounds {unknown}
 o - a potion of brilliance {unknown}
 u - a potion of agility {unknown}
 v - a potion of mutation {unknown}
Comestibles
 d - 4 bread rations
 g - a meat ration
 p - a royal jelly


   Skills:
 + Level 4.7 Fighting
 + Level 4.9 Axes
 - Level 1.8 Throwing
 - Level 2.9 Dodging


You had 4 spell levels left.
You didn't know any spells.

Dungeon Overview and Level Annotations

Branches:
Dungeon (3/15)

Altars:
Trog

Annotations:
D:3 anything's ghost, amateur OpTm


Innate Abilities, Weirdness & Mutations

((Your plain brown scales are hard. (AC +5)))
You cannot fit into any form of body armour.
((You are cold-blooded and may be slowed by cold attacks.))


Message History

You are more poisoned.
Anything's ghost hits you but does no damage.
You are more poisoned.
You turn into a tree.
Your +0 hat melds into your body.
Your roots penetrate the ground.
* * * LOW HITPOINT WARNING * * *
You feel very sick.
Anything's ghost hits you but does no damage.
It was a potion of might.
You feel very mighty all of a sudden.
* * * LOW HITPOINT WARNING * * *
You feel very sick.
Anything's ghost hits you but does no damage.
It was a potion of degeneration.
There was something very wrong with that liquid.
You feel weakened.
You feel dopey.
You feel clumsy.
* * * LOW HITPOINT WARNING * * *
You feel sick. Anything's ghost barely misses you.
It was a potion of flight.
Your roots keep you in place.
You die...

#........(....# #.......#
#.............# ###.#####
######........# ##.########
#######........# #.........#####
#.....#........# #..............
#.)...#........# #..............
#.....#...##.### ##.##..........
......###.#...#####...#..........
#.....# #...⌠...♣W..⌠..####......
......# ###...#####...## #######
.)....######.## ##.##
......##...#.# #.# ......##...#.#
#.###### ##### ......##...#.#
#.##...# #.... .###.###..##.##
##.##...# #(... .# #.#
#..#...#####...#...# #.... .#
#.####...⌠.).....⌠.....###....


You could see anything's ghost.

Vanquished Creatures
  Terence (D:3)
  3 orc wizards (D:3)
  2 adders (D:2)
  An ooze (D:3)
  3 worms
  3 dart slugs
  2 leopard geckos (D:1)
  11 orcs (D:3)
  3 bats
  2 giant cockroaches (D:1)
  11 goblins
  6 hobgoblins
  3 jackals (D:3)
  9 kobolds
  2 quokkas
  5 frilled lizards
  9 rats
76 creatures vanquished.

Vanquished Creatures (others)
  5 toadstools (D:1)
5 creatures vanquished.

Grand Total: 81 creatures vanquished

Notes
Turn   | Place    | Note
-------+----------+-------------------------------------------
     0 | D:1      | Gerstahl the Draconian Gladiator began the quest for the Orb.
     0 | D:1      | Reached XP level 1. HP: 17/17 MP: 1/1
    90 | D:1      | Reached XP level 2. HP: 22/24 MP: 2/2
   468 | D:1      | Reached XP level 3. HP: 15/30 MP: 3/3
   617 | D:2      | Found a faded altar of an unknown god.
  1116 | D:2      | Found a bloodstained altar of Trog.
  1234 | D:2      | Reached XP level 4. HP: 27/38 MP: 4/4
  1581 | D:3      | Noticed Terence
  1591 | D:3      | Killed Terence
  1828 | D:3      | Reached XP level 5. HP: 26/46 MP: 5/5
  1950 | D:3      | Noticed anything's ghost (amateur OpTm)
  2522 | D:3      | HP: 2/70 [poisoned by anything's ghost]
  2523 | D:3      | Succumbed to anything's ghost's poison

Vault maps used:
D:1:      ldierk_walled_garden
D:2:      chequers_ecumenical_altar_simple, trog_three_pillars_becter
D:3:      minmay_misc_feat_tower, uniq_terence, uniq_crazy_yiuf_cottage

Skill      XL: |  1  2  3  4 |
---------------+-------------+-----
Fighting       | 3 4 |  4.7
Axes           | 4 |  4.9
Throwing       | |  1.8
Dodging        | |  2.9

Action                   |  1- 3 |  4- 6 || total
-------------------------+-------+-------++-------
Melee: War axe           |    93 |   121 ||   214
       Tailslap          |     5 |     6 ||    11
  Use: Potion            |       |     6 ||     6
 Stab: Sleeping          |     1 |     1 ||     2
  Eat: Chunk             |     1 |     3 ||     4
Armor: Skin              |    21 |    83 ||   104
Dodge: Dodged            |    62 |    79 ||   141

Table legend:
 A = Spawn XP
 B = Non-spawn XP
 C = Spawn XP percentage of total XP
 D = Spawn monster count
 E = Non-spawn monster count
 F = Spawn count percentage of total count
 G = Total turns spent on level
                    A         B        C        D         E        F      G
               +---------+---------+-------+---------+---------+-------+---------
         Total |       0 |     317 |   0.0 |       0 |      76 |   0.0 |  2523
               +---------+---------+-------+---------+---------+-------+---------
           D:1 |       0 |      44 |   0.0 |       0 |      24 |   0.0 |   617
           D:2 |       0 |      56 |   0.0 |       0 |      17 |   0.0 |   825
           D:3 |       0 |     217 |   0.0 |       0 |      35 |   0.0 |  1081
               +---------+---------+-------+---------+---------+-------+---------
